 Dungeon Crawl Stone Soup version 0.29.0-4-gdea44cf6ec (webtiles) character file.

Game seed: 3248697682194932797

16 qw the Chopper (level 2, 0/17 HPs)
             Began as a Tengu Warper on Aug 28, 2022.
             Succumbed to an adder's poison
             ... on level 2 of the Dungeon.
             The game lasted 00:00:04 (1155 turns).

qw the Chopper (Tengu Warper)                       Turns: 1155, Time: 00:00:04

Health: 0/17       AC:  3    Str: 11    XL:     2   Next: 54%
Magic:  6/6        EV: 11    Int: 13    God:
Gold:   55         SH:  5    Dex: 13    Spells: 5/5 levels left

rFire   . . .      SeeInvis .   Y - +0 hand axe
rCold   . . .      Faith    .   (no shield)
rNeg    . . .      Spirit   .   b - +0 leather armour
rPois   .          Reflect  +   (helmet restricted)
rElec   .          Harm     .   (no cloak)
rCorr   .          Rampage  .   (no gloves)
Will    .....                   (boots unavailable)
Stlth   +.........              j - amulet of reflection
HPRegen 0.05/turn               (no ring)
MPRegen 0.10/turn               (no ring)

@: lethally poisoned (0 -> -13)
A: beak, talons 3
a: no special abilities


You were on level 2 of the Dungeon.
You visited 1 branch of the dungeon, and saw 2 of its levels.

You collected 102 gold pieces.
You spent 47 gold pieces at shops.


Innate Abilities, Weirdness & Mutations

You have a beak for a mouth.
You have claws for feet.


   Skills:
 - Level 2.0 Fighting
 + Level 3.4 Axes
 - Level 1.0 Throwing
 - Level 1.1 Armour
 - Level 2.1 Dodging
 - Level 2.0 Spellcasting
 - Level 2.4 Translocations


You had 5 spell levels left.
You didn't know any spells.
Your spell library contained the following spells:

 Spells                   Type           Power      Damage    Failure   Level
 Blink                    Tloc           14%        N/A       19%         2
 Gell's Gravitas          Tloc           7%         N/A       36%         3
 Lesser Beckoning         Tloc           7%         N/A       36%         3
 Teleport Other           Tloc           7%         N/A       36%         3
 Manifold Assault         Tloc           7%         N/A       98%         5

Inventory:

Hand Weapons
 h - a +0 whip
 Y - a +0 hand axe (weapon)
Armour
 b - a +0 leather armour (worn)
Jewellery
 j - an amulet of reflection (around neck)
Scrolls
 a - a scroll of enchant weapon {unknown}
 f - a scroll of enchant armour {unknown}
Potions
 c - a potion of magic {unknown}
 d - a potion of ambrosia {unknown}
 e - a potion of might
 k - a potion of lignification {unknown}

Dungeon Overview and Level Annotations

Branches:
Dungeon (2/15)

Altars:

Shops:
D:1 *[


Message History

HP restored.
You now have 55 gold pieces (gained 5).
a - a scroll labelled RESUNT FAFRO
Enter note:
Found a scroll of poison.
You see here a scroll of poison.
c - a viscous inky potion You see here a scroll of poison.
f - a scroll labelled PIEP NA AKONT An adder and a bat come into view.
You hit the bat but do no damage. The bat hits you but does no damage.
The bat hits you.
You barely miss the bat. Your kick misses the bat.
The bat completely misses you. The bat hits you but does no damage.
You miss the adder. Your kick misses the adder. You hit the bat.
You kill the bat!
The adder misses you.
You completely miss the adder. The adder bites you. x2
You hit the adder.
The adder is severely wounded.
The adder bites you but does no damage.
You hit the adder but do no damage. Your peck misses the adder.
The adder is severely wounded.
The adder closely misses you. The adder bites you.
You closely miss the adder. You claw the adder, but do no damage.
Your peck misses the adder.
The adder is severely wounded.
The adder bites you.
You are lethally poisoned!
The adder poisons you!
You completely miss the adder.
The adder is heavily wounded.
You feel sick. The adder barely misses you. The adder bites you.
You are more poisoned.
The adder poisons you!
You miss the adder. You claw the adder.
You kill the adder!
You die...

#.# #.# #.##.# #.##.#
#######.##.#
......#.##.#
######...##.#####.#..
#....##..##.#........
#....##...#.#@#
#....###....#.#
###....###.##.#.#
#..........##...#
#..........##?#...#
#..........##.#.#.#
#..........##.#.#...
#..........##.#.#
##..
#..........##.#(# .


There were no monsters in sight!

Vanquished Creatures
  An adder (D:2)
  A dart slug (D:2)
  3 endoplasms (D:1)
  A giant cockroach (D:1)
  A kobold (D:1)
  A quokka (D:2)
  3 bats
  2 rats (D:1)
13 creatures vanquished.

Notes
Turn   | Place    | Note
-------+----------+-------------------------------------------
     0 | D:1      | qw the Tengu Warper began the quest for the Orb.
     0 | D:1      | Reached XP level 1. HP: 12/12 MP: 4/4
     0 | D:1      | 0 ||| qw: Version: 0.1-a-89-g26bdef1
     0 | D:1      | 0 ||| qw: Game counter: 2457
     0 | D:1      | 0 ||| qw: Always use a shield: true
     0 | D:1      | 0 ||| qw: God list: Okawaru
     0 | D:1      | 0 ||| qw: Allow faded altars: false
     0 | D:1      | 0 ||| qw: Do Orc after D:15 true
     0 | D:1      | 0 ||| qw: Do second Lair branch before Depths: true
     0 | D:1      | 0 ||| qw: Lair rune preference: random
     0 | D:1      | 0 ||| qw: Plans: Normal
     0 | D:1      | 0 ||| PLANNING D:1-11
    76 | D:1      | Found a faded altar of an unknown god.
   181 | D:1      | Found Awkaovif's Antique Armour Shop.
   196 | D:1      | 196 ||| SHOPLISTING embroidered robe (92 gold, have 50).
   196 | D:1      | 196 ||| SHOPLISTING glowing chain mail (187 gold, have 50).
   196 | D:1      | 196 ||| SHOPLISTING ring mail (100 gold, have 50).
   196 | D:1      | 196 ||| SHOPLISTING runed leather armour (125 gold, have
                  | 50).
   196 | D:1      | 196 ||| SHOPLISTING scale mail (100 gold, have 50).
   360 | D:1      | Reached skill level 3 in Axes
   360 | D:1      | Reached XP level 2. HP: 17/17 MP: 6/6
   383 | D:1      | Found Idiss's Assorted Antiques.
   394 | D:1      | 394 ||| BUYING brown potion (22 gold).
   394 | D:1      | Bought a brown potion for 22 gold pieces
   394 | D:1      | 394 ||| SHOPLISTING plate armour (575 gold, have 41).
   394 | D:1      | 394 ||| SHOPLISTING runed leather armour (125 gold, have
                  | 41).
   394 | D:1      | 394 ||| BUYING scroll labelled LUAC GA ZAD (25 gold).
   394 | D:1      | Bought a scroll labelled LUAC GA ZAD for 25 gold pieces
   729 | D:1      | 729 ||| UPGRADING to amulet of reflection.
   734 | D:1      | 734 ||| READING scroll labelled MOESEA MILI.
   735 | D:1      | 735 ||| READING scroll labelled MOUGRO GUUQANT.
   736 | D:1      | 736 ||| READING scroll labelled LUAC GA ZAD.
   865 | D:1      | 865 ||| DRINKING 2 fizzy yellow potions.
   866 | D:1      | 866 ||| DROPPING scroll of blinking.
   953 | D:2      | 953 ||| Stepping ~*~*~tactically~*~*~ (hiding).
  1154 | D:2      | HP: 4/17 [adder (2)]
  1155 | D:2      | Succumbed to an adder's poison

Levels and vault maps discovered:
D:1:      dpeg_arrival_shelter, layout_basic, hellmonk_ecumenical_altar_blasted,
          serial_shops, nicolae_diamond_shop, nicolae_shop_crystal
D:2:      layout_basic, minmay_hexomino_r4

Skill      XL: |  1 |
---------------+----+-----
Axes           | 3 |  3.4
Fighting       | |  2.0
Throwing       | |  1.0
Armour         | |  1.1
Dodging        | |  2.1
Spellcasting   | |  2.0
Translocations | |  2.4

Action                   || total
-------------------------++-------
Melee: Hand axe          ||    24
       Peck              ||     5
       Kick              ||     4
Throw: Boomerang         ||     7
  Use: Scroll            ||     3
       Potion            ||     1
Armor: Leather armour    ||     8
Dodge: Dodged            ||    12

Table legend:
 A = Non-vault XP
 B = Vault XP
 C = Vault XP percentage of total XP
 D = Non-vault monster count
 E = Vault monster count
 F = Vault count percentage of total count
                 A         B        C        D         E       F
            +---------+---------+-------+---------+---------+-------
      Total |      36 |       0 |   0.0 |      13 |       0 |   0.0
            +---------+---------+-------+---------+---------+-------
        D:1 |      13 |       0 |   0.0 |       8 |       0 |   0.0
        D:2 |      23 |       0 |   0.0 |       5 |       0 |   0.0
            +---------+---------+-------+---------+---------+-------
